 Dungeon Crawl Stone Soup version 0.29-a0-341-g24ffce5b50 (webtiles) character file.

Game seed: 424256606496368412

20167 Tical the Transmogrifier (level 12, -7/94 HPs)
             Began as a Vine Stalker Monk on Apr 20, 2022.
             Was an Elder of Cheibriados.
             Mangled by a lindwurm simulacrum (10 damage)
             ... in an ice cave.
             The game lasted 00:18:03 (11178 turns).

Tical the Transmogrifier (Vine Stalker Monk)       Turns: 11178, Time: 00:18:03

Health: -7/94      AC: 26    Str: 24    XL:     12   Next: 76%
Magic:  0/19       EV:  2    Int: 23    God:    Cheibriados [****..]
Gold:   566        SH:  0    Dex: 26    Spells: 15/19 levels left

rFire   x . .      SeeInvis .     - Unarmed
rCold   + . .      Faith    .   (no shield)
rNeg    . . .      Spirit   +   (body armour currently unavailable)
rPois   +          Reflect  .   (helmet currently unavailable)
rElec   .          Harm     .   (cloak currently unavailable)
rCorr   .          Rampage  .   (gloves currently unavailable)
Will    +....      NoTele   +   (boots currently unavailable)
Stlth   ++++......              (no amulet)
HPRegen 1.05/turn               I - ring of ice
MPRegen 0.16/turn               p - +4 ring of evasion

@: tree-form, frozen, very slow
A: stationary, stasis, torment immunity, boosted hp, (fangs 3), regeneration 1,
magic shield, (antimagic bite), no potion heal 2
a: Renounce Religion, Bend Time, Temporal Distortion, Slouch


You were in an ice cave.
You worshipped Cheibriados.
Cheibriados was greatly pleased with you.
You were a tree.
You visited 3 branches of the dungeon, and saw 12 of its levels.
You also visited: Ice Cave.

You collected 566 gold pieces.

Inventory:

Hand Weapons
 a - the +11 dagger of Dried Tears {venom, Int+3}
   (You found it on level 9 of the Dungeon)

   It poisons the flesh of those it strikes.
   Int:       It affects your intelligence (+3).
Missiles
 B - 16 poisoned darts (quivered)
Armour
 f - a +0 pair of gloves (melded)
   (You found it on level 1 of the Dungeon)
 g - a +0 ring mail (melded)
   (You found it on level 1 of the Dungeon)
 F - a +2 helmet (melded)
   (You found it on level 6 of the Dungeon)
 H - a +0 pair of boots (melded)
   (You found it on level 6 of the Dungeon)
Magical Staves
 e - a staff of conjuration {!a}
   (You found it on level 3 of the Dungeon)
Jewellery
 o - a ring of magical power
   (You found it on level 2 of the Dungeon)
 p - a +4 ring of evasion (right branch)
   (You found it on level 2 of the Dungeon)
 q - a ring of resist corrosion
   (You found it on level 2 of the Dungeon)
 A - a +6 ring of intelligence
   (You found it on level 3 of the Dungeon)
 D - a ring of positive energy
   (You found it on level 5 of the Dungeon)
 G - a ring of flight
   (You found it on level 6 of the Dungeon)
 I - a ring of ice (left branch)
   (You found it on level 6 of the Dungeon)
 K - a ring of poison resistance
   (You found it on level 9 of the Dungeon)
Wands
 v - a wand of digging (2)
   (You found it on level 10 of the Dungeon)
 P - a wand of polymorph (5)
   (You found it on level 10 of the Dungeon)
Scrolls
 h - a scroll of torment {!r}
 j - 5 scrolls of noise {!r}
 l - 5 scrolls of fear
 m - a scroll of vulnerability {!r}
 n - a scroll of magic mapping
 t - 2 scrolls of teleportation {@r4}
 u - a scroll of identify {@r1}
 w - a scroll of holy word {unknown}
 C - a scroll of immolation {!r}
 E - 2 scrolls of enchant weapon {unknown}
 J - a scroll of amnesia {unknown}
 M - a scroll of enchant armour {unknown}
Potions
 b - 3 potions of ambrosia
 c - 3 potions of haste {@q3}
 d - 4 potions of flight
 i - 3 potions of curing {@q1}
 k - a potion of berserk rage
 r - 3 potions of might
 s - a potion of attraction {!q}
 y - a potion of lignification {!q}
 z - 3 potions of heal wounds {@q2}
 L - 2 potions of cancellation
 N - 2 potions of magic
 O - a potion of degeneration {!q}
 Q - 2 potions of mutation {!q}
Miscellaneous
 R - a phantom mirror
   (You found it on level 10 of the Dungeon)


   Skills:
 - Level 7.0 Fighting
 + Level 4.4 Short Blades
 - Level 7.0 Dodging
 - Level 6.0 Stealth
 - Level 5.0 Unarmed Combat
 - Level 4.0 Spellcasting
 - Level 5.0 Conjurations
 - Level 11.9 Transmutations
 - Level 5.0 Earth Magic
 - Level 7.0 Invocations


You had 15 spell levels left.
You knew the following spells:

 Your Spells              Type           Power      Damage    Failure   Level
a - Petrify               Tmut/Erth      43%        N/A       3%          4

Your spell library contained the following spells:

 Spells                   Type           Power      Damage    Failure   Level
 Shock                    Conj/Air       64%        1d7       3%          1
 Irradiate                Conj/Tmut      21%        3d20      9%          5
 Freeze                   Ice            24%        1d5       11%         1
 Sublimation of Blood     Necr           4%         N/A       16%         2
 Frozen Ramparts          Ice            12%        1d3       30%         3
 Swiftness                Air            4%         N/A       30%         3
 Hailstorm                Conj/Ice       24%        3d7       36%         4
 Dragon Form              Tmut           28%        N/A       54%         7
 Airstrike                Air            2%         N/A       71%         4
 Cause Fear               Hex            2%         N/A       71%         4
 Passage of Golubria      Tloc           4%         N/A       71%         4
 Silence                  Hex/Air        2%         N/A       96%         5
 Lehudib's Crystal Spear  Conj/Erth      13%        10d5      100%        8
 Dragon's Call            Summ           2%         N/A       100%        9


Dungeon Overview and Level Annotations

Branches:
Dungeon (10/15)            Temple (1/1) D:5            Lair (1/6) D:10
  IceCv (1/1)
    Orc: D:9-12

Altars:
Ashenzari
Cheibriados
Dithmenos
Elyvilon
Fedhas
Gozag
Hepliaklqana
Kikubaaqudgha
Makhleb
Nemelex Xobeh
Okawaru
Qazlal
Ru
Sif Muna
Trog
Uskayaw
Vehumet
Wu Jian
Xom
Yredelemnul
Zin
The Shining One

Shops:
D:6 (   D:10 (

Annotations:
IceCv exclusion: 2 ice statues


Innate Abilities, Weirdness & Mutations

You are a tree.
Your roots penetrate the ground, keeping you stationary.
You cannot be teleported.
You are immune to unholy pain and torment.
Your maximum health is greatly increased.
Your equipment is partially melded.
((You have razor-sharp teeth.))
Your natural rate of healing is unusually fast.
When hurt, damage is shared between your health and your magic reserves.
((Your bite disrupts and absorbs the magic of your enemies.))
Potions cannot restore your health.


Message History

* * * LOW HITPOINT WARNING * * *
You don't have any such object.
You don't have any such object.
That's the wrong kind of item! (Use * to select it.)
Okay, then.
Unknown command.
Really quaff
y - 2 potions of lignification {!q}?
Really quaff the potion of lignification?
You turn into a tree.
Your +2 helmet melds into your body.
Your +0 pair of gloves melds into your body.
Your +0 pair of boots melds into your body.
Your +0 ring mail melds into your body.
Your roots penetrate the ground.
The ice beast hits you but does no damage.
The +11 dagger of Dried Tears {venom, Int+3} stops dripping with poison.
You are now empty-handed.
Unknown command.
You smack the rime drake!
The ice encasing you melts away. The ice beast hits you.
* * * LOW HITPOINT WARNING * * *
The ice beast freezes you. You resist.
* * * LOW HITPOINT WARNING * * *
The rime drake bites you but does no damage.
You smack the rime drake!
The ice beast hits you but does no damage.
The rime drake bites you but does no damage.
You hit the rime drake.
The ice beast hits you but does no damage.
The rime drake bites you but does no damage.
You hit the rime drake.
The rime drake bites you but does no damage.
The ice beast hits you but does no damage.
Unknown command.
You closely miss the rime drake. The rime drake breathes ice at you.
The flash freeze hits you! You partially resist.
* * * LOW HITPOINT WARNING * * *
You are encased in ice.
The ice beast hits you but does no damage.
You pummel the rime drake!!
You kill the rime drake!
Cheibriados appreciates the change of pace.
The ice beast hits you but does no damage.
You smack the lindwurm simulacrum!
The lindwurm simulacrum bites you but does no damage.
The lindwurm simulacrum completely misses you.
The lindwurm simulacrum claws you.
* * * LOW HITPOINT WARNING * * *
The lindwurm simulacrum freezes you! You resist.
You die...

##..............
#...............
#...............
#..............
#.............
#..........#
##8#....#8## #
##ZY## ##♣.#
##..## #..##
#...## ##...##
##...# ##...#
#...## ##...##


You could see an ice beast (summoned) and a lindwurm simulacrum.

Vanquished Creatures
  Gastronok (D:8)
  A sphinx (D:10)
  2 centaur warriors (D:10)
  2 two-headed ogres
  A deep elf archer (D:10)
  A manticore (D:10)
  A cyclops (D:10)
  3 rime drakes
  A komodo dragon (Lair:1)
  A merfolk (shapeshifter) (D:10)
  Prince Ribbit (D:6)
  Sigmund (D:6)
  A shadow (D:10)
  11 yaks (D:10)
  3 wyverns (D:10)
  A basilisk (D:10)
  Grum (D:8)
  6 water moccasins
  6 orc warriors
  An ice beast (D:7)
  A sky beast (D:7)
  3 wolves (D:8)
  A phantom (D:4)
  3 centaurs
  2 kobold brigands
  2 gnoll sergeants
  7 bullfrogs
  3 scorpions
  4 necrophages
  4 wights (D:10)
  6 killer bees (D:9)
  2 jellies (D:7)
  A howler monkey (D:8)
  An electric eel (D:10)
  3 komodo dragon simulacra (IceCv)
  2 hounds
  3 orc priests
  Terence (D:2)
  2 iguanas
  7 orc wizards
  8 gnolls
  2 acid dragon simulacra (IceCv)
  9 adders
  2 white imps
  2 ufetubi
  4 worms
  9 dart slugs
  22 orcs
  6 endoplasms
  2 giant cockroaches (D:4)
  8 goblins
  9 hobgoblins
  5 jackals
  4 quokkas
  3 training dummies (D:6)
  2 ball pythons
  6 bats
  2 frilled lizards (D:1)
  13 kobolds
  A rat (D:2)
223 creatures vanquished.

Vanquished Creatures (others)
  A bush (D:10)
  5 fungi (D:10)
  18 plants
24 creatures vanquished.

Grand Total: 247 creatures vanquished

Notes
Turn   | Place    | Note
-------+----------+-------------------------------------------
     0 | D:1      | Tical the Vine Stalker Monk began the quest for the Orb.
     0 | D:1      | Reached XP level 1. HP: 11/11 MP: 2/2
   494 | D:1      | Reached XP level 2. HP: 16/16 MP: 3/3
  1276 | D:2      | Reached XP level 3. HP: 15/21 MP: 4/4
  1725 | D:2      | Noticed Terence
  1857 | D:2      | Identified the +4 hand axe of the Nexus {elec, rF+}
  2034 | D:2      | Killed Terence
  2035 | D:2      | Reached skill level 1 in Spellcasting
  2035 | D:2      | Gained mutation: Your natural rate of healing is unusually
                  | fast. [Vine Stalker growth]
  2035 | D:2      | Reached XP level 4. HP: 21/25 MP: 4/7
  2312 | D:3      | Reached XP level 5. HP: 29/29 MP: 10/10
  2521 | D:3      | Found a shimmering altar of Xom.
  3127 | D:4      | Noticed a phantom
  3136 | D:4      | Killed a phantom
  3137 | D:4      | Reached skill level 5 in Fighting
  3137 | D:4      | Reached XP level 6. HP: 35/35 MP: 11/11
  3138 | D:4      | Found a hazy altar of Hepliaklqana.
  3166 | D:4      | Found a glowing golden altar of the Shining One.
  3451 | D:4      | Reached skill level 5 in Unarmed Combat
  3499 | D:4      | Reached XP level 7. HP: 36/39 MP: 12/12
  3600 | D:4      | Found a radiant altar of Vehumet.
  3879 | D:5      | Entered Level 5 of the Dungeon
  3953 | D:5      | Found a stormy altar of Qazlal.
  3972 | D:5      | Learned a level 4 spell: Petrify
  4789 | D:5      | Found a staircase to the Ecumenical Temple.
  4909 | Temple   | Entered the Ecumenical Temple
  4961 | Temple   | Became a worshipper of Cheibriados the Contemplative
  4961 | Temple   | Reached * piety under Cheibriados
  4961 | Temple   | Reached ** piety under Cheibriados
  5074 | D:6      | Reached skill level 1 in Transmutations
  5074 | D:6      | Reached skill level 1 in Earth Magic
  5093 | D:6      | Noticed Sigmund
  5112 | D:6      | Killed Sigmund
  5183 | D:6      | Reached skill level 2 in Transmutations
  5183 | D:6      | Gained mutation: You have razor-sharp teeth. [Vine Stalker
                  | growth]
  5183 | D:6      | Reached XP level 8. HP: 38/44 MP: 13/13
  5486 | D:6      | Noticed Prince Ribbit
  5497 | D:6      | Killed Prince Ribbit
  5748 | D:6      | Found Piaqulus's Firing Range.
  5858 | D:7      | Reached skill level 3 in Transmutations
  6330 | D:7      | Reached XP level 9. HP: 40/49 MP: 14/14
  6387 | D:7      | Reached skill level 4 in Transmutations
  6820 | D:8      | Reached *** piety under Cheibriados
  6823 | D:8      | Noticed a two-headed ogre
  6823 | D:8      | Noticed Gastronok
  6919 | D:7      | Reached skill level 5 in Dodging
  6989 | D:8      | Killed a two-headed ogre
  6990 | D:8      | Reached skill level 6 in Transmutations
  7047 | D:8      | Killed Gastronok
  7048 | D:8      | Reached skill level 7 in Transmutations
  7048 | D:8      | Reached XP level 10. HP: 42/55 MP: 16/16
  7167 | D:8      | Reached skill level 1 in Conjurations
  7410 | D:8      | Found a broken altar of Ashenzari.
  7625 | D:8      | Noticed Grum
  7780 | D:8      | Reached skill level 1 in Invocations
  7783 | D:8      | Killed Grum
  7783 | D:8      | Reached **** piety under Cheibriados
  7869 | D:9      | Found a bloodstained altar of Trog.
  7876 | D:9      | Identified the +11 dagger of Dried Tears {venom, Int+3}
  8795 | D:9      | Found a hide-covered altar of Uskayaw.
  9203 | D:10     | Entered Level 10 of the Dungeon
  9203 | D:10     | Noticed a manticore
  9210 | D:10     | Killed a manticore
  9275 | D:10     | Reached skill level 1 in Short Blades
  9321 | D:10     | Found an ornate altar of the Wu Jian Council.
  9423 | D:10     | Reached skill level 11 in Transmutations
  9423 | D:10     | Reached XP level 11. HP: 58/58 MP: 18/18
  9466 | D:10     | Reached skill level 5 in Earth Magic
  9468 | D:10     | Reached XP level 12. HP: 57/63 MP: 6/19
  9732 | D:10     | Found a staircase to the Lair.
 10012 | D:10     | Noticed a centaur warrior
 10012 | D:10     | Noticed a centaur warrior
 10013 | D:10     | Noticed a sphinx
 10021 | D:10     | Reached skill level 5 in Stealth
 10027 | D:10     | Killed a sphinx
 10028 | D:10     | Reached skill level 5 in Conjurations
 10035 | D:10     | Killed a centaur warrior
 10036 | D:10     | Reached skill level 5 in Invocations
 10279 | D:10     | Killed a centaur warrior
 10628 | D:10     | Noticed a two-headed ogre
 10634 | D:10     | Killed a two-headed ogre
 10683 | D:10     | Found Getit's Weapon Emporium.
 10859 | Lair:1   | Entered Level 1 of the Lair of Beasts
 10895 | Lair:1   | Found a frozen archway.
 10913 | IceCv    | Entered an ice cave
 11178 | IceCv    | HP: 3/94 [lindwurm simulacrum (4)]
 11178 | IceCv    | Mangled by a lindwurm simulacrum

Illustrated notes

Levels and vault maps discovered:
D:1:      co_arrival_random_square_maze, layout_basic, corexii_leaking_fountain
D:2:      layout_rooms, due_unseen_surprise, uniq_terence
D:3:      layout_basic, nicolae_overflow_crystal_walls
D:4:      layout_gridville, nicolae_tso_carved_into_rock,
          general_overflow_altar, lemuel_doored_altar, chequers_big_river
D:5:      layout_layer_cave, nicolae_qazlal_general_emergency,
          minmay_temple_entry_poolview
D:6:      layout_loops_ring, corner_web_ring, moated_statue,
          nicolae_shop_firing_range, uniq_prince_ribbit1, uniq_sigmund
D:7:      layout_gridville
D:8:      layout_loops_ring, nicolae_ashenzari_panopticon, uniq_gastronok,
          uniq_grum
D:9:      layout_grid_maze, bloody_trog, lemuel_crystal_altar, minivault_26
D:10:     nzn_winding_woodlands_cross
          [nzn_winding_woodlands_5x15_pathside_ponds,
          nzn_winding_woodlands_5x15_river_crossing,
          nzn_winding_woodlands_5x15_lazy_stream,
          nzn_winding_woodlands_5x15_default,
          nzn_winding_woodlands_15x15_thick_spiral], layout_long_grid,
          nicolae_wu_jian_wuxing_cycle, minmay_lair_entry_grove, serial_shops,
          kennysheep_little_box
Temple:   cyrus_circular_temple
Lair:1:   beast_lair_carwin_large_1, layout_big_grid, portal_ice_cave_rime,
          grunt_forest_large_clearings, uniq_harold
IceCv:    ice_cave_small_dragons

Skill      XL: |  1  2  3  4  5  6  7  8  9 10 11 12 |
---------------+-------------------------------------+-----
Fighting       | 3 4 5 6 7 |  7.0
Spellcasting   | 1 2 3 4 |  4.0
Unarmed Combat | 5 |  5.0
Dodging        | 3 4 7 |  7.0
Transmutations | 2 3 7 11 | 11.9
Earth Magic    | 2 3 4 5 |  5.0
Conjurations   | 3 5 |  5.0
Invocations    | 2 3 7 |  7.0
Short Blades   | 1 4 |  4.4
Stealth        | 3 6 |  6.0

Action                   |  1- 3 |  4- 6 |  7- 9 | 10-12 || total
-------------------------+-------+-------+-------+-------++-------
Melee: Unarmed           |    79 |       |     4 |     7 ||    90
       Bite              |    26 |    24 |    55 |    95 ||   200
       Punch             |     5 |     2 |     6 |    12 ||    25
       Hand axe          |    14 |    99 |   154 |    41 ||   308
       Dagger            |       |       |       |   187 ||   187
Throw: Throwing net      |       |       |     1 |       ||     1
 Cast: Petrify           |       |       |       |    19 ||    19
Invok: Slouch            |       |       |       |     3 ||     3
Evoke: Wand              |       |       |       |     6 ||     6
  Use: Scroll            |       |       |       |    19 ||    19
       Potion            |       |       |       |     3 ||     3
 Stab: Sleeping          |     2 |     3 |     7 |     3 ||    15
       Petrified         |       |       |       |    14 ||    14
       Petrifying        |       |       |       |     9 ||     9
Armor: Robe              |     6 |       |       |       ||     6
       Ring mail         |    16 |    24 |    45 |    54 ||   139
       Skin              |       |       |       |    11 ||    11
Dodge: Dodged            |    44 |   102 |   154 |   303 ||   603

Table legend: (Time is in decaauts)
 A = Elapsed time spent in this place.
 B = Non-inter-level travel time spent in this place.
 C = Inter-level travel time spent in this place.
 D = Time resting spent in this place.
 E = Time spent auto-exploring this place.
 F = Levels seen in this place.
 G = Mean time per level.
                   A        B        C        D        E       F      G
               +--------+--------+--------+--------+--------+-----+--------+
         Total |  13790 |  13255 |    535 |   1711 |   9256 |  13 | 1060.8 |
       Dungeon |  13317 |  12820 |    497 |   1504 |   9182 |  10 | 1331.7 |
        Temple |    108 |     70 |     38 |      0 |     49 |   1 |  108.0 |
          Lair |     77 |     77 |      0 |      0 |      8 |   1 |   77.0 |
      Ice Cave |    287 |    287 |      0 |    207 |     15 |   1 |  287.0 |
               +--------+--------+--------+--------+--------+-----+--------+

Top non-repeatable levels by time:
    D:10: 2407 daAuts
     D:9: 2011 daAuts
     D:7: 1468 daAuts
     D:8: 1302 daAuts
     D:1: 1183 daAuts
     D:5: 1122 daAuts
     D:6: 1083 daAuts
     D:2: 974 daAuts
     D:3: 926 daAuts
     D:4: 837 daAuts
   IceCv: 287 daAuts
  Temple: 108 daAuts
  Lair:1: 77 daAuts
